 Dungeon Crawl Stone Soup version 0.28-a0-1395-g4f6bc678fa (webtiles) character file.

Game seed: 17180484502300154864

102 bande the Covered (level 4, -6/29 HPs)
             Began as a Gargoyle Fighter on Jan 5, 2022.
             Mangled by Crazy Yiuf (9 damage)
             ... on level 2 of the Dungeon.
             The game lasted 00:03:08 (2148 turns).

bande the Covered (Gargoyle Fighter)                Turns: 2148, Time: 00:03:09

Health: -6/29      AC: 11    Str: 20    XL:     4   Next: 78%
Magic:  0/4        EV:  9    Int:  8    God:
Gold:   68         SH:  5    Dex: 11    Spells: 3/3 levels left

rFire   . . .      SeeInvis .   a - +1 war axe
rCold   . . .      Faith    .   c - +1 buckler
rNeg    + . .      Spirit   .   b - +0 scale mail
rPois   ∞          Reflect  .   i - +0 helmet
rElec   +          Harm     .   (no cloak)
rCorr   .          Rampage  .   (no gloves)
Will    +....                   (no boots)
Stlth   ..........              (no amulet)
HPRegen 0.09/turn               (no ring)
MPRegen 0.09/turn               (no ring)

@: no status effects
A: sickness immunity, AC +3, negative energy resistance 1, electricity
resistance, torment resistance 1, petrification resistance, strong-willed 1,
MP-powered wands
a: no special abilities


You were on level 2 of the Dungeon.
You visited 1 branch of the dungeon, and saw 2 of its levels.

You collected 68 gold pieces.

Inventory:

Hand Weapons
 a - a +1 war axe (weapon)
Armour
 b - a +0 scale mail (worn)
 c - a +1 buckler (worn)
 i - a +0 helmet (worn)
Jewellery
 f - a ring of flight
Potions
 d - a potion of might
 e - a potion of mutation
 g - 2 potions of attraction {unknown}
 h - a potion of flight {unknown}


   Skills:
 + Level 3.8 Fighting
 + Level 3.2 Axes
 + Level 4.1 Armour
 + Level 3.6 Shields


You had 3 spell levels left.
You didn't know any spells.
Your spell library was empty.

Dungeon Overview and Level Annotations

Branches:
Dungeon (2/15)

Altars:

Annotations:
D:2 Crazy Yiuf


Innate Abilities, Weirdness & Mutations

You are immune to sickness and miasma.
Your stone body is resilient. (AC +3)
You are immune to poison.
You resist negative energy. (rN+)
You are resistant to electric shocks. (rElec)
You are resistant to unholy torment.
You are immune to petrification.
You are strong-willed. (Will+)
You expend magic power (3 MP) to strengthen your wands.


Message History

No target in view!
No target in view!
No target in view!
No target in view!
No target in view!
Found a mace.
Found a mace.
Found a mace.
No target in view!
No target in view!
You see here a +0 mace.
You see here a +0 mace.
Found seven maces.
Found a runed translucent door.
You see here a +0 mace.
Found a mace.
You see here a +0 mace.
You see here a +0 mace.
Found two maces and a runed mace.
Crazy Yiuf says, "Crazy?
Crazy!?
PORCUPINE!"
You see here a +0 mace.
Could not explore, unopened runed door.
You open the door.
Crazy Yiuf twirls on the spot.
You barely miss Crazy Yiuf. You block Crazy Yiuf's attack.
You closely miss Crazy Yiuf.
Crazy Yiuf hits you with a +4 quarterstaff of chaos!
You hit Crazy Yiuf.
Crazy Yiuf is lightly wounded.
Crazy Yiuf says, "Crazy?
Crazy!?
PORCUPINE!"
You block Crazy Yiuf's attack.
Crazy Yiuf hits you with a +4 quarterstaff of chaos.
You hit Crazy Yiuf.
Crazy Yiuf is moderately wounded.
Crazy Yiuf hits you with a +4 quarterstaff of chaos!
* * * LOW HITPOINT WARNING * * *
You feel your power leaking away.
You barely miss Crazy Yiuf.
Crazy Yiuf is moderately wounded.
Crazy Yiuf hits you with a +4 quarterstaff of chaos!
You die...

....# #....#
#.#.# ...8#
##..## ##.#.#
....# ♣....♣
#..#.# ...8#
♣♣.P)♣ #.##.#
.(..# ♣♣)♣♣
##.##.# ######
♣♣)♣ #..##.# #
#.# ♣)♣♣ #.###.#
# #.# ♣♣)♣ #.#
#†# ####.######
♣@♣♣ #.# #.###
..........# *#g#*
####.###....
#.#...###.# *)))*
#.......####
........#.##
#)))#
####.##.####
..#...#..#.#
#).)# #.##.#...
........####
#####
####.##.#...
..#...#..#.#
#..#.##.#...
........#^#######
###..#.#......
..#.........#...#
#....#.#......


You could see Crazy Yiuf.

Vanquished Creatures
  5 adders (D:2)
  A worm (D:2)
  A dart slug (D:1)
  4 bats
  7 endoplasms
  3 giant cockroaches
  4 hobgoblins
  2 jackals (D:1)
  2 quokkas (D:2)
  5 ball pythons
  A frilled lizard (D:1)
  8 goblins
  5 kobolds
  4 rats
52 creatures vanquished.

Notes
Turn   | Place    | Note
-------+----------+-------------------------------------------
     0 | D:1      | bande the Gargoyle Fighter began the quest for the Orb.
     0 | D:1      | Reached XP level 1. HP: 14/14 MP: 1/1
   359 | D:1      | Reached XP level 2. HP: 18/19 MP: 2/2
   729 | D:1      | Found a faded altar of an unknown god.
  1176 | D:2      | Reached XP level 3. HP: 22/23 MP: 3/3
  1229 | D:2      | Reached skill level 4 in Armour
  1344 | D:2      | Reached XP level 4. HP: 28/28 MP: 4/4
  1521 | D:2      | Gained mutation: You expend magic power (3 MP) to
                  | strengthen your wands. [potion of mutation]
  1521 | D:2      | Gained mutation: You are strong-willed. (Will+) [potion of
                  | mutation]
  2139 | D:2      | Found a runed translucent door.
  2140 | D:2      | Noticed Crazy Yiuf
  2148 | D:2      | Mangled by Crazy Yiuf

Illustrated notes

Levels and vault maps discovered:
D:1:      lemuel_arrival_muddy, layout_basic, basic_ecumenical_altar,
          minmay_surrounded
D:2:      kennysheep_the_goblin_king, layout_loops_ring, st_stairs_4,
          hangedman_feature_mirror, chequers_serial_rivers_micro_b,
          uniq_crazy_yiuf_cottage

Skill      XL: |  1  2  3  4 |
---------------+-------------+-----
Axes           | 2 3 |  3.2
Armour         | 4 |  4.1
Fighting       | |  3.8
Shields        | |  3.6

Action                   |  1- 3 |  4- 6 || total
-------------------------+-------+-------++-------
Melee: War axe           |    78 |    66 ||   144
  Use: Scroll            |     6 |     1 ||     7
       Potion            |       |     1 ||     1
Armor: Scale mail        |    52 |    31 ||    83
Dodge: Dodged            |    42 |    28 ||    70
Block: Buckler           |    15 |    20 ||    35

Table legend: (Time is in decaauts)
 A = Elapsed time spent in this place.
 B = Non-inter-level travel time spent in this place.
 C = Inter-level travel time spent in this place.
 D = Time resting spent in this place.
 E = Time spent auto-exploring this place.
 F = Levels seen in this place.
 G = Mean time per level.
                   A        B        C        D        E       F      G
               +--------+--------+--------+--------+--------+-----+--------+
         Total |   2205 |   2205 |      0 |      0 |   1829 |   2 | 1102.5 |
       Dungeon |   2205 |   2205 |      0 |      0 |   1829 |   2 | 1102.5 |
               +--------+--------+--------+--------+--------+-----+--------+

Top non-repeatable levels by time:
     D:1: 1191 daAuts
     D:2: 1013 daAuts
